 Dungeon Crawl Stone Soup version 0.29-a0-1027-gcd8c55af63 (webtiles) character file.

Game seed: 4627791882200229725

37 GreenGift the Grasshopper (level 3, 0/29 HPs)
             Began as a Palentonga Warper on Aug 12, 2022.
             Slain by Sigmund
             ... wielding a +0 scythe
              (7 damage)
             ... on level 2 of the Dungeon.
             The game lasted 00:17:45 (1774 turns).

GreenGift the Grasshopper (Palentonga Warper)       Turns: 1774, Time: 00:17:51

Health: 0/29       AC:  7    Str: 16    XL:     3   Next: 21%
Magic:  6/6        EV:  4    Int: 13    God:
Gold:   103        SH:  0    Dex: 11    Spells: 4/6 levels left

rFire   . . .      SeeInvis +   a - +0 hand axe
rCold   . . .      Faith    .   (no shield)
rNeg    . . .      Spirit   .   i - +0 chain mail
rPois   .          Reflect  .   (no helmet)
rElec   .          Harm     .   (no cloak)
rCorr   .          Rampage  .   (no gloves)
Will    .....                   (no barding)
Stlth   ..........              (no amulet)
HPRegen 0.09/turn               (no ring)
MPRegen 0.10/turn               (no ring)

@: no status effects
A: large, rugged brown scales 3, see invisible, deformed body, roll 1, armoured
tail
a: Rolling Charge


You were on level 2 of the Dungeon.
You visited 1 branch of the dungeon, and saw 3 of its levels.

You collected 103 gold pieces.

Inventory:

Hand Weapons
 a - a +0 hand axe (weapon)
Armour
 b - a +0 leather armour
 i - a +0 chain mail (worn)
Scrolls
 c - a scroll of magic mapping
 j - 2 scrolls of identify
Potions
 e - a potion of mutation
 f - 2 potions of heal wounds


   Skills:
 + Level 2.3 Fighting
 + Level 2.2 Axes
 + Level 1.3 Throwing
 + Level 1.1 Armour
 - Level 1.5 Dodging
 + Level 2.2 Spellcasting
 + Level 3.1 Translocations


You had 4 spell levels left.
You knew the following spells:

 Your Spells              Type           Power      Damage    Failure   Level
a - Blink                 Tloc           18%        N/A       90%         2

Your spell library contained the following spells:

 Spells                   Type           Power      Damage    Failure   Level
 Gell's Gravitas          Tloc           9%         N/A       99%         3
 Lesser Beckoning         Tloc           9%         N/A       99%         3
 Teleport Other           Tloc           9%         N/A       99%         3
 Manifold Assault         Tloc           9%         N/A       100%        5


Dungeon Overview and Level Annotations

Branches:
Dungeon (3/15)

Altars:

Annotations:
D:2 Sigmund


Innate Abilities, Weirdness & Mutations

You are completely covered in rugged brown scales. (AC +3, +7% HP)
You have supernaturally acute eyesight. (SInv)
Armour fits poorly on your strangely shaped body.
You can roll at nearby foes to attack.
You have a long armoured tail.


Message History

c - a scroll of magic mapping
Found a short sword.
You see here a +0 short sword.
Found 10 gold pieces.
You now have 68 gold pieces (gained 10).
Found a leather armour.
Found 12 gold pieces.
Found an escape hatch in the floor.
There is an escape hatch in the floor here.
You now have 80 gold pieces (gained 12).
Found 6 gold pieces.
You now have 86 gold pieces (gained 6).
Found a short sword.
Found an escape hatch in the ceiling.
There is an escape hatch in the ceiling here.
Found 17 gold pieces.
You now have 103 gold pieces (gained 17).
Sigmund shouts!
Sigmund casts a spell at you.
You are confused.
There's nothing you can charge at!
Found a crooked glowing staff.
Sigmund gestures wildly while chanting.
Sigmund flickers and vanishes for a moment.
Sigmund gestures at you while chanting. The magic dart hits you.
You're too confused to move!
You feel less confused. Sigmund gestures at you while chanting.
The puff of flame hits you! Sigmund attacks as you move away!
Sigmund hits you with a +0 scythe!
Sigmund points at you and mumbles some strange words.
The magic dart hits you.
* * * LOW HITPOINT WARNING * * *
Roll where?
Press: ? - help, Q - select action Dir - move target, f - Sigmund
Aim: Sigmund, wielding a +0 scythe and wearing a +0 robe (slightly transparent)
You roll forward with a clatter of scales!
You completely miss Sigmund. Sigmund hits you with a +0 scythe!
You die...

#...# *,,,,##...#.####....###.
#...# *,,#.*##.........#### #.
#...####**,#|#####.....### #.
#......###,,...###......########
#...##...#***...##...#J......#..
#...####.####,.......##.####.@.#
##.## #....###.#....##......###
#.# ####...#.#.....#..###..* #.#
**** ###.○@@.........*#..#*
#.##*,,*** ###......###..##...,
#..#**,,,* #.##...#**..####.#
##.# ***,* #.#*#....#,,** *..
#<# *,****#..**.....,,,***#. #.#
*,,,,*##.,,,##.#,<,,**** #.#
****,,,*##,,**,#*,,,,,,, #.#####
***,***,,,,,,,,*,,*.. #.#...#
*,*,,,***,**,,,,,..


You could see Sigmund (invisible).

Vanquished Creatures
  A gnoll (D:1)
  3 ball pythons (D:1)
  3 endoplasms
  2 goblins (D:2)
  3 hobgoblins
  3 jackals (D:1)
  A quokka (D:1)
  2 bats
  3 kobolds
  4 rats (D:1)
25 creatures vanquished.

Notes
Turn   | Place    | Note
-------+----------+-------------------------------------------
     0 | D:1      | GreenGift the Palentonga Warper began the quest for the
                  | Orb.
     0 | D:1      | Reached XP level 1. HP: 17/17 MP: 3/3
   189 | D:1      | Reached skill level 1 in Throwing
   193 | D:1      | Reached skill level 1 in Armour
   193 | D:1      | Reached XP level 2. HP: 5/23 MP: 5/5
   450 | D:1      | Learned a level 2 spell: Blink
  1152 | D:2      | Noticed Sigmund
  1327 | D:2      | Reached XP level 3. HP: 24/28 MP: 6/6
  1774 | D:2      | Slain by Sigmund

Illustrated notes

Levels and vault maps discovered:
D:1:      minmay_arrival_solitary_statue, layout_rooms
D:2:      layout_rooms, uniq_crazy_yiuf_cottage, uniq_sigmund
D:3:      layout_loops_corners, nicolae_qazlal_eye_of_the_storm,
          ebering_ecumenical_altar_webs, kennysheep_cluttered_room

Skill      XL: |  1 |
---------------+----+-----
Throwing       | 1 |  1.3
Armour         | 1 |  1.1
Fighting       | |  2.3
Axes           | |  2.2
Dodging        | |  1.5
Spellcasting   | |  2.2
Translocations | |  3.1

Action                   || total
-------------------------++-------
Melee: Hand axe          ||    55
       Tailslap          ||     8
Throw: Boomerang         ||     7
       Dart              ||    13
 Abil: Rolling Charge    ||     2
  Use: Scroll            ||     7
Armor: Leather armour    ||    25
       Chain mail        ||    25
Dodge: Dodged            ||    28

Table legend: (Time is in decaauts)
 A = Elapsed time spent in this place.
 B = Non-inter-level travel time spent in this place.
 C = Inter-level travel time spent in this place.
 D = Time resting spent in this place.
 E = Time spent auto-exploring this place.
 F = Levels seen in this place.
 G = Mean time per level.
                   A        B        C        D        E       F      G
               +--------+--------+--------+--------+--------+-----+--------+
         Total |   1785 |   1785 |      0 |   1024 |     87 |   3 |  595.0 |
       Dungeon |   1785 |   1785 |      0 |   1024 |     87 |   3 |  595.0 |
               +--------+--------+--------+--------+--------+-----+--------+

Top non-repeatable levels by time:
     D:1: 1323 daAuts
     D:2: 330 daAuts
     D:3: 130 daAuts
